 Dungeon Crawl Stone Soup version 0.26.0-10-g1f06aea511 (webtiles) character file.

Game seed: 7918284828781805613

29 runemasterragnar the Firebug (level 3, -2/33 HPs)
             Began as an Ogre Fire Elementalist on Jan 13, 2021.
             Slain by a gnoll
             ... wielding a +0 flail
              (11 damage)
             ... on level 2 of the Dungeon.
             The game lasted 00:02:27 (1657 turns).

runemasterragnar the Firebug (OgFE)                 Turns: 1657, Time: 00:02:28

Health: -2/33      AC:  3    Str: 12    XL:     3   Next: 16%
Magic:  12/15      EV: 10    Int: 17    God:
Gold:   27         SH:  0    Dex:  9    Spells: 3/7 levels left

rFire    . . .     SeeInvis .   d - +0 club
rCold    . . .     Faith    .   (no shield)
rNeg     . . .     Spirit   .   a - +0 robe
rPois    .         Reflect  .   (helmet restricted)
rElec    .         Harm     .   (no cloak)
rCorr    .         Rampage  .   (gloves unavailable)
Will     .....                  (boots unavailable)
Stlth    +.........             (no amulet)
HPRegen  0.11/turn              k - ring of magical power
MPRegen  0.14/turn              (no ring)

@: lethally poisoned (-2 -> -5)
A: large, unfitting armour, tough skin 1
a: no special abilities


You were on level 2 of the Dungeon.
You visited 1 branch of the dungeon, and saw 2 of its levels.

You collected 27 gold pieces.

Inventory:

Hand Weapons
 d - a +0 club (weapon)
Missiles
 b - 3 large rocks (quivered)
Armour
 a - a +0 robe (worn)
Jewellery
 k - a ring of magical power (left hand)
 m - an uncursed ring of magical power
Scrolls
 c - a scroll of teleportation {unknown}
 f - a scroll of fog {unknown}
 g - 3 scrolls of identify {unknown}
 j - a scroll of enchant armour {unknown}
 n - a scroll of remove curse {unknown}
Potions
 e - a potion of curing {unknown}
 h - a potion of resistance {unknown}
 i - 2 potions of invisibility {unknown}
 l - a potion of attraction {unknown}


   Skills:
 * Level 1.3 Fighting
 * Level 1.0 Throwing
 + Level 2.0 Dodging
 - Level 1.4 Stealth
 + Level 2.5 Spellcasting
 * Level 1.3 Conjurations
 * Level 2.9 Fire Magic


You had 3 spell levels left.
You knew the following spells:

 Your Spells              Type           Power        Failure   Level
a - Foxfire               Conj/Fire      36%          8%          1
b - Conjure Flame         Conj/Fire      9%           22%         3

Your spell library contained the following spells:

 Spells                   Type           Power        Failure   Level
 Inner Flame              Hex/Fire       7%           30%         3
 Sticky Flame             Conj/Fire      9%           58%         4
 Fireball                 Conj/Fire      4%           91%         5


Dungeon Overview and Level Annotations

Branches:
Dungeon (2/15)

Altars:


Innate Abilities, Weirdness & Mutations

You are too large for most types of armour.
You have tough skin. (AC +1)


Message History

The adder poisons you!
The gnoll hits you from afar with a +0 spear!
Unknown command.
Unknown command.
You are too injured to fight recklessly!
You are too injured to fight recklessly!
Unknown command.
You are too injured to fight recklessly!
Unknown command.
You are too injured to fight recklessly!
There are monsters nearby!
Unknown command.
Casting: Foxfire (safe; 8% risk of failure)
Confirm with . or Enter, or press ? or * to list all spells.
You conjure some foxfire!
You feel sick.
The foxfire hits the gnoll.
The gnoll is moderately wounded.
The foxfire hits the gnoll.
The gnoll is moderately wounded.
The adder closely misses you. The gnoll hits you with a +0 flail!
You die...

...##..........♣≈
#..#..#..###.##≈≈P≈
≈≈≈ ...#.##.## #.#
≈ ≈≈♣ ........#
#.## ≈P≈≈ .#..##..#
#..## .≈≈♣. ...#
#.. ##..## ♣.≈≈..
.# #. ##.^##gg...#
##v#Sg...# #v@g#
#.....# #.......#
..........#
.#.....?...# #
#.........#
....>.....#
#..........#


You could see 4 gnolls and an adder.

Vanquished Creatures
  A dart slug (D:1)
  8 goblins
  2 hobgoblins
  2 ball pythons (D:1)
  5 bats
  2 frilled lizards (D:1)
  3 kobolds
  5 rats (D:1)
28 creatures vanquished.

Vanquished Creatures (others)
  40 foxfires
  5 plants (D:2)
45 creatures vanquished.

Grand Total: 73 creatures vanquished

Notes
Turn   | Place    | Note
-------+----------+-------------------------------------------
     0 | D:1      | runemasterragnar the Ogre Fire Elementalist began the quest
                  | for the Orb.
     0 | D:1      | Reached XP level 1. HP: 16/16 MP: 3/3
   221 | D:1      | Reached skill level 1 in Conjurations
   412 | D:1      | Reached XP level 2. HP: 13/26 MP: 3/5
  1070 | D:1      | Reached skill level 1 in Fighting
  1278 | D:1      | Reached XP level 3. HP: 32/33 MP: 5/6
  1282 | D:1      | Learned a level 3 spell: Conjure Flame
  1543 | D:2      | Reached skill level 1 in Throwing
  1657 | D:2      | Slain by a gnoll

Illustrated notes

Levels and vault maps discovered:
D:1:      onia_arrival_mini_maze, layout_basic
D:2:      layout_rooms, serial_bayou, serial_bayou_ford_a, serial_bayou_lake_a,
          serial_bayou_lagoon_b, serial_bayou_pond_a, uniq_terence

Skill      XL: |  1  2  3 |
---------------+----------+-----
Conjurations   | 1 |  1.3
Fighting       | 1 |  1.3
Dodging        | 2 |  2.0
Throwing       | 1 |  1.0
Stealth        | |  1.4
Spellcasting   | |  2.5
Fire Magic     | |  2.9

Action                   || total
-------------------------++-------
Melee: Club              ||    77
Throw: Large rock        ||     4
 Cast: Foxfire           ||    30
 Stab: Sleeping          ||     3
Armor: Robe              ||    31
Dodge: Dodged            ||    56
